AoeStats
← Formagella

Highland

503876128Analyzed
2v2 RM · 1mo ago on Sep 2, 2026· 42m 3s· 4 players
Game mode
Random Map
Map size
Medium (4 player)
Population
200
Speed
Normal
Resources
Standard
Victory
Conquest
Starting age
Dark Age
Ending age
Imperial Age
RankedLock teamsTeams togetherTeam positionsShared explorationLock speedFull tech treeHidden civsTurbo modeCheats
Victory
Defeat
🇨🇭 Vietnamese · Switzerland
975
+13
🇨🇭 Saracens · Switzerland
821
+20
🇸🇪 Franks · Sweden
929
-17
🇺🇸 Gurjaras · United States
901
-16
Murtaent
0:28 Loom
11:40 Feudal Age
12:11 Double-Bit Axe
13:04 Wheelbarrow
19:17 Castle Age
18:35 Stone Mining
18:57 Horse Collar
19:12 Gold Mining
22:47 Husbandry
23:48 Bloodlines
29:52 Gold Shaft Mining
30:16 Hand Cart
34:11 Imperial Age
32:14 Scale Barding Armor
33:02 Forging
33:41 Chain Barding Armor
32:51 Light Cavalry
35:17 Heavy Camel Rider
36:47 Thumb Ring
38:33 Frontier Guards
39:32 Chemistry
38:13 Treadmill Crane
40:05 Kshatriyas
41:44 Iron Casting
Forza Juve
0:29 Loom
11:11 Feudal Age
11:45 Double-Bit Axe
20:27 Castle Age
20:21 Wheelbarrow
20:07 Gold Mining
21:54 Bow Saw
22:11 Stone Mining
24:07 Light Cavalry
25:54 Town Watch
27:51 Gold Shaft Mining
32:26 Imperial Age
30:52 Hand Cart
30:59 Husbandry
31:48 Masonry
33:10 Forging
33:08 Scale Barding Armor
34:04 Town Patrol
35:57 #83
35:11 Cavalier
42:02 Squires
41:47 Arson
Perocat
10:59 Feudal Age
11:42 Double-Bit Axe
14:43 Castle Age
12:43 Horse Collar
15:30 Wheelbarrow
16:27 Bow Saw
18:08 Hand Cart
18:25 Bow Saw
22:09 Stone Mining
22:59 Gold Mining
24:00 Hand Cart
24:51 Light Cavalry
25:42 Bloodlines
26:16 Heavy Plow
28:08 Gold Shaft Mining
28:03 Husbandry
28:32 Forging
34:57 Imperial Age
33:06 Iron Casting
32:36 Scale Barding Armor
34:24 Ballistics
33:45 Treadmill Crane
35:04 Chain Barding Armor
34:34 Fletching
35:01 Hussar
35:03 Elite Mameluke
35:31 Elite Mameluke
38:34 Conscription
38:26 Counterweights
38:55 Heavy Camel Rider
41:13 Blast Furnace
40:48 Plate Barding Armor
40:09 Bodkin Arrow
Formagella
3:34 Loom
10:39 Feudal Age
17:00 Castle Age
18:26 Horse Collar
18:34 Double-Bit Axe
21:14 Pikeman
22:41 Bow Saw
22:34 Heavy Plow
23:14 Wheelbarrow
23:24 Wheelbarrow
22:36 Town Watch
23:53 Elite Skirmisher
25:04 Squires
24:50 Arson
25:11 Scale Mail Armor
27:23 Hand Cart
28:44 Padded Archer Armor
28:38 Fletching
29:51 Gold Mining
29:51 Stone Mining
30:49 Bodkin Arrow
31:05 Forging
31:54 Fortified Wall
31:49 Murder Holes
32:19 Ballistics
33:09 Chain Mail Armor
34:53 Medium Warships
37:23 Imperial Age
35:51 Leather Archer Armor
36:12 Iron Casting
35:56 Thumb Ring
38:29 Paper Money
37:55 Imperial Skirmisher
38:45 Bracer
39:15 Ring Archer Armor
39:48 Chemistry
40:14 Two-Man Saw
40:04 Crop Rotation
40:12 Stone Shaft Mining
39:09 Halberdier
40:53 Elite Cannon Galleon
Connection lost

Rejoining the realm…

Still unreachable

The connection could not be restored.

Session expired

The server has moved on; the page needs a fresh start.